 Dungeon Crawl Stone Soup version 0.27.1-1-g398f81649c (console) character file.

Game seed: 18244108962653603375

13899 om the Grappler (level 11, -2/96 HPs)
             Began as a Troll Monk on Sept 8, 2021.
             Was a Priest of Hepliaklqana.
             Slain by Sonja (12 damage)
             ... on level 10 of the Dungeon.
             The game lasted 00:24:51 (9172 turns).

om the Grappler (Troll Monk)                        Turns: 9172, Time: 00:24:53

Health: -2/96      AC: -7    Str: 21    XL:     11   Next: 81%
Magic:  12/12      EV: 13    Int:  6    God:    Hepliaklqana [***...]
Gold:   574        SH: 11    Dex: 15    Spells: 10/10 levels left

rFire    + . .     SeeInvis .     - Unarmed
rCold    . . .     Faith    .   n - +0 kite shield
rNeg     + . .     Spirit   .   s - +0 robe {Will+}
rPois    .         Reflect  .   (helmet restricted)
rElec    .         Harm     .   C - +0 cloak
rCorr    .         Rampage  .   (gloves unavailable)
Will     +....                  (boots unavailable)
Stlth    ++........             b - amulet of the acrobat
HPRegen  1.26/turn              m - ring of protection from fire
MPRegen  0.13/turn              e - ring of positive energy

@: lethally poisoned (-2 -> -6), corroded, studying Conjurations
A: reduced essence, large, unfitting armour, claws 3, regeneration 1, shaggy fur
1, tough skin 1
a: Renounce Religion, Recall Ancestor, Ancestor Identity, Transference


You were on level 10 of the Dungeon.
You worshipped Hepliaklqana.
Hepliaklqana was most pleased with you.
You visited 2 branches of the dungeon, and saw 11 of its levels.
You also visited: Ossuary.

You collected 574 gold pieces.

Inventory:

Hand Weapons
 i - a +0 giant spiked club
Missiles
 t - 3 javelins (quivered)
 u - 7 large rocks
Armour
 j - a +0 tower shield
 n - a +0 kite shield (worn)
 p - a +2 robe of positive energy
 s - a +0 robe of willpower (worn)
 C - a +0 cloak (worn)
Jewellery
 b - an amulet of the acrobat (around neck)
 e - a ring of positive energy (right claw)
 f - a ring of resist corrosion
 g - a ring of ice
 m - a ring of protection from fire (left claw)
 y - a ring of flight
 D - the ring "Ungic" {rF+ Will+ AC+4}
   (You found it on level 8 of the Dungeon)

   [ring of protection]

   AC:        It affects your AC (+4).
   rF:        It protects you from fire.
   Will:      It increases your willpower.
Wands
 a - a wand of charming (12)
 r - a wand of digging (2)
 v - a wand of flame (73)
 A - a wand of iceblast (5)
Scrolls
 c - 14 scrolls of teleportation
 d - 2 scrolls of amnesia
 h - a scroll of enchant weapon
 l - a scroll of brand weapon
 w - a scroll of fog
 x - a scroll of acquirement
 F - a scroll of torment
Potions
 k - 5 potions of flight
 o - a potion of haste {unknown}
 q - 3 potions of lignification
 B - a potion of cancellation {unknown}


   Skills:
 * Level 6.9 Fighting
 * Level 4.1 Throwing
 - Level 8.0 Dodging
 - Level 1.0 Stealth
 - Level 9.0 Shields
 * Level 9.7 Unarmed Combat
 * Level 3.3 Invocations


You had 10 spell levels left.
You didn't know any spells.
Your spell library contained the following spells:

 Spells                   Type           Power      Damage    Failure   Level
 Sting                    Tmut/Pois      0%         1d3       45%         1
 Blink                    Tloc           N/A        N/A       58%         2
 Poisonous Vapours        Pois/Air       0%         N/A       58%         2
 Slow                     Hex            0%         N/A       58%         2
 Confusing Touch          Hex            0%         N/A       83%         3
 Lesser Beckoning         Tloc           0%         N/A       83%         3
 Vampiric Draining        Necr           0%         2d6       83%         3
 Olgreb's Toxic Radiance  Pois           0%         N/A       99%         4
 Manifold Assault         Tloc           0%         N/A       100%        5


Dungeon Overview and Level Annotations

Branches:
Dungeon (10/15)            Temple (1/1) D:4         Ossuary (visited)
   Lair: D:8-11         Orc: D:9-12

Altars:
Ashenzari
Cheibriados
Dithmenos
Elyvilon
Fedhas
Hepliaklqana
Kikubaaqudgha
Makhleb
Nemelex Xobeh
Okawaru
Qazlal
Ru
Sif Muna
Trog
Uskayaw
Vehumet
Xom
Yredelemnul
Zin
The Shining One

Shops:
D:9 (

Annotations:
D:5 2 transporters, Cataline's ghost, amateur MiAK
D:10 Sonja


Innate Abilities, Weirdness & Mutations

Your life essence is reduced to manifest your ancestor. (-10% HP)
You are too large for most types of armour.
You have claws for hands.
Your natural rate of healing is unusually fast.
You are covered in fur. (AC +1)
You have tough skin. (AC +1)


Message History

You block Sonja's attack.
An orc wizard comes into view. It is wielding a +0 dagger.
Sonja hits you with a +1 short sword of venom!
You are more poisoned.
Sonja barely misses you.
Sonja hits you with a +1 short sword of venom.
You are more poisoned.
You feel better.
The orc wizard shouts!
You block Sonja's attack. Sonja misses you. You block Sonja's attack.
You closely miss Sonja.
Sonja is heavily wounded.
Sonja barely misses you. Sonja closely misses you. You block Sonja's attack.
You closely miss Sonja.
Sonja is heavily wounded.
You block Sonja's attack. x3; The orc misses you.
You completely miss Sonja.
Sonja is heavily wounded.
Sonja zaps a wand.
The bolt of acid hits you! The acid corrodes you!
You are splashed with acid!
An orc comes into view. It is wielding a +0 dagger.
The orc wizard mumbles some strange words.
The orc wizard flickers and vanishes!
Deactivating autopickup; reactivate with Ctrl-A.
You completely miss Sonja.
Sonja is heavily wounded.
Sonja zaps a wand.
The bolt of acid hits you!!
* * * LOW HITPOINT WARNING * * *
The acid corrodes you!
You are splashed with acid!
* * * LOW HITPOINT WARNING * * *
The orc barely misses you.
You feel better. Sonja misses you.
Sonja hits you with a +1 short sword of venom.
* * * LOW HITPOINT WARNING * * *
You are poisoned.
You block Sonja's attack. The orc hits you with a +0 flail!
* * * LOW HITPOINT WARNING * * *
An orc comes into view. It is wielding a +0 flail.
You block Sonja's attack.
Sonja hits you with a +1 short sword of venom!
You die...

#.##..†#.#.#
#.#......#.##
#...........# #####
#[.<.....#.#. ....####
##...!....(.. #.....#
##......#.#.
#.....########...##...#
#..$............####.##
###.....########### #.#
.oo....o...###########.#
.#.#####@#.............#
#K############### #.#
#.# #.# ..# ###


You could see Sonja (strong, drained) and 3 orcs.

Vanquished Creatures
  2 centaur warriors (D:8)
  A two-headed ogre (D:9)
  2 cyclopes (D:8)
  2 centaur zombies (D:10)
  2 kobold demonologists
  A troll (D:10)
  Grinder (D:3)
  Sigmund (D:4)
  A wraith (D:9)
  5 yaks
  A vampire mosquito (D:8)
  A steam dragon (D:8)
  Duvessa (D:6)
  A water moccasin (D:8)
  2 ice beasts
  2 orc warriors (D:8)
  4 sky beasts
  2 black bears
  3 necrophages
  4 ogres
  3 centaurs
  2 phantoms (D:5)
  4 elf zombies
  10 kobold brigands
  4 bullfrogs
  A scorpion (D:6)
  Dowan (D:6)
  An elf skeleton (D:8)
  A water moccasin zombie (D:5)
  6 wights
  2 killer bees
  A bullfrog zombie (D:6)
  2 human zombies
  6 jellies
  2 orc priests
  A gnoll shaman (D:6)
  2 hounds
  3 centaur skeletons
  A bullfrog skeleton (D:6)
  3 iguanas
  7 orc wizards
  2 human skeletons (D:8)
  A killer bee zombie (D:6)
  A hound zombie (Ossuary)
  2 hound skeletons (D:5)
  3 mummies (Ossuary)
  A howler monkey skeleton (D:4)
  3 gnolls (D:2)
  10 adders
  A shadow imp (D:5)
  2 white imps
  2 worms
  5 dart slugs
  17 orcs
  2 ball pythons
  7 endoplasms
  4 giant cockroaches
  6 goblins
  9 hobgoblins
  4 quokkas
  6 bats
  4 frilled lizards
  2 jackal zombies (Ossuary)
  17 kobolds
  4 orc skeletons (D:8)
  3 rats
220 creatures vanquished.

Vanquished Creatures (collateral kills)
  Josephine (D:9)
  A death knight (D:8)
  2 deep elf pyromancers (D:8)
  A hornet (D:8)
  A wyvern (D:10)
  A shadow (D:9)
  2 wraiths
  2 yaks (D:9)
  A sky beast (D:7)
  A killer bee (D:10)
  A hound zombie (Ossuary)
  A mummy (Ossuary)
  2 kobolds
  A goblin zombie (Ossuary)
  A hobgoblin zombie (Ossuary)
  2 jackal zombies (Ossuary)
  2 orc zombies
23 creatures vanquished.

Vanquished Creatures (others)
  3 hexers
  A withered plant (D:2)
4 creatures vanquished.

Grand Total: 247 creatures vanquished

Notes
Turn   | Place    | Note
-------+----------+-------------------------------------------
     0 | D:1      | om the Troll Monk began the quest for the Orb.
     0 | D:1      | Reached XP level 1. HP: 22/22 MP: 0/0
   317 | D:1      | Reached XP level 2. HP: 23/29 MP: 1/1
   855 | D:2      | Reached XP level 3. HP: 27/36 MP: 2/2
   954 | D:2      | Found a faded altar of an unknown god.
  1248 | D:2      | Reached XP level 4. HP: 45/45 MP: 3/3
  1694 | D:3      | Noticed Grinder
  1833 | D:3      | Killed Grinder
  1834 | D:3      | Reached XP level 5. HP: 34/54 MP: 4/4
  1834 | D:3      | Reached XP level 6. HP: 40/62 MP: 5/5
  1992 | D:3      | Found a glowing golden altar of the Shining One.
  2514 | D:4      | Found a staircase to the Ecumenical Temple.
  2542 | Temple   | Entered the Ecumenical Temple
  2642 | D:4      | Reached XP level 7. HP: 68/70 MP: 6/6
  2648 | D:4      | Reached skill level 1 in Shields
  2671 | D:4      | Found a snail-covered altar of Cheibriados.
  2809 | D:4      | Noticed Sigmund
  2829 | D:4      | Killed Sigmund
  3286 | D:5      | Entered Level 5 of the Dungeon
  3329 | D:5      | Reached XP level 8. HP: 68/78 MP: 7/7
  3385 | D:5      | Noticed a kobold demonologist
  3396 | D:5      | Killed a kobold demonologist
  3397 | D:5      | Reached skill level 5 in Dodging
  3830 | D:5      | Found a transporter.
  3830 | D:5      | Noticed Cataline's ghost (amateur MiAK)
  3847 | D:5      | Found a transporter.
  4296 | D:5      | Reached skill level 5 in Shields
  4296 | D:5      | Reached XP level 9. HP: 59/84 MP: 8/8
  4758 | D:6      | Noticed Duvessa
  4761 | D:6      | Noticed Dowan
  4804 | D:6      | Killed Duvessa
  4812 | D:6      | Killed Dowan
  5001 | D:6      | Found a stormy altar of Qazlal.
  5001 | D:6      | Found a basalt altar of Yredelemnul.
  5391 | D:7      | Identified the +4 hand crossbow "Wawem" {penet, rPois Str-4
                  | Int+4 Stlth+}
  5958 | D:7      | Found a hazy altar of Hepliaklqana.
  5964 | D:7      | Became a worshipper of Hepliaklqana the Forgotten
  5964 | D:7      | Reached * piety under Hepliaklqana
  5964 | D:7      | Reached ** piety under Hepliaklqana
  5965 | D:7      | Remembered your ancestor Mettia as a hexer
  6493 | D:8      | Noticed a centaur warrior
  6508 | D:8      | Killed a centaur warrior
  6509 | D:8      | Reached XP level 10. HP: 35/82 MP: 9/9
  6531 | D:8      | Noticed a deep elf pyromancer
  6531 | D:8      | Noticed a centaur warrior
  6545 | D:8      | HP: 3/82 [centaur warrior (9)]
  6545 | D:8      | HP: 1/82 [centaur warrior (2)]
  6663 | D:8      | Paralysed by a hornet for 3 turns
  6709 | D:8      | Killed a deep elf pyromancer
  6753 | D:8      | Found a sand-covered staircase.
  6761 | Ossuary  | Entered an ossuary
  7134 | D:8      | Killed a centaur warrior
  7277 | D:8      | Reached skill level 5 in Fighting
  7369 | D:8      | Noticed a cyclops
  7376 | D:8      | Killed a cyclops
  7387 | D:8      | Noticed a cyclops
  7395 | D:8      | Killed a cyclops
  7432 | D:8      | Reached XP level 11. HP: 82/93 MP: 10/10
  7447 | D:8      | Found a glowing golden altar of the Shining One.
  7448 | D:8      | Found a glowing silver altar of Zin.
  7448 | D:8      | Found a bloodstained altar of Trog.
  7448 | D:8      | Found a shimmering altar of Xom.
  7460 | D:8      | Noticed a death knight
  7465 | D:8      | Noticed a deep elf pyromancer
  7482 | D:8      | HP: 1/93 [death knight (21)]
  7483 | D:8      | Killed a deep elf pyromancer
  7484 | D:8      | Reached skill level 1 in Throwing
  7516 | D:8      | Killed a death knight
  7594 | D:8      | Identified the ring "Ungic" {rF+ Will+ AC+4}
  7596 | D:8      | Identified the +5 rapier of Fragile Peace {spect, rN++
                  | Will+++ Str-2}
  7809 | D:8      | Found a sparkling altar of Nemelex Xobeh.
  7812 | D:8      | Found a shimmering blue altar of Sif Muna.
  7914 | D:9      | Found a glowing silver altar of Zin.
  7914 | D:9      | Found a burning altar of Makhleb.
  7915 | D:9      | Noticed a green death
  7915 | D:9      | Noticed an angel
  8005 | D:9      | Reached *** piety under Hepliaklqana
  8012 | D:9      | Identified a scroll of acquirement
  8297 | D:9      | Found Plog's Weapon Emporium.
  8339 | D:9      | Reached skill level 1 in Invocations
  8736 | D:10     | Entered Level 10 of the Dungeon
  8847 | D:10     | Noticed Josephine
  8880 | D:10     | Noticed a two-headed ogre
  8889 | D:9      | Killed a two-headed ogre
  8920 | D:9      | Killed Josephine
  9159 | D:10     | Noticed Sonja
  9172 | D:10     | Slain by Sonja

Illustrated notes

Levels and vault maps discovered:
D:1:      saegor_arrival_simple_a, layout_loops_corners
D:2:      layout_loops_corners, ebering_ecumenical_altar_petrified
D:3:      layout_basic, tso_oasis_becter, serial_aquarium,
          aquarium_bridge_long_joined [aquarium_subvault_window,
          aquarium_subvault_wall, aquarium_subvault_bridge,
          aquarium_subvault_window, aquarium_subvault_bridge,
          aquarium_subvault_window], aquarium_bridge_square
          [aquarium_subvault_bridge, aquarium_subvault_bridge,
          aquarium_subvault_bridge, aquarium_subvault_balcony],
          aquarium_window_3, aquarium_window_2, aquarium_window_fake,
          aquarium_window_fake, aquarium_view_4, aquarium_view_2e,
          aquarium_pool_1, kennysheep_generic_room_15, uniq_grinder
D:4:      layout_basic, lemuel_coloured_pillars_altar,
          minmay_temple_entry_trees, minmay_manual_macuahuitl, uniq_sigmund
D:5:      kennysheep_six_static_rooms, layout_loops_ring, gammafunk_ghost_smash
D:6:      minmay_angry_zag, layout_loops_ring, mainiacjoe_overflow_divided_tiny,
          minmay_misc_feat_rugged, uniq_duvessa
D:7:      layout_basic, worldfamousw_hep_ancestral_shrine, bh_walls_and_bars
D:8:      minmay_the_grid_octo_tiled_squarecenter
          [minmay_the_grid_octo_clover_2, minmay_the_grid_octo_77,
          minmay_the_grid_octo_shrine, minmay_the_grid_octo_pinwheel,
          minmay_the_grid_square_5x5_megaprize_checkered,
          minmay_the_grid_square_5x5_doubleslash,
          minmay_the_grid_square_5x5_shrine2,
          minmay_the_grid_square_5x5_misaligned, minmay_the_grid_square_5x5_v],
          layout_loops_cross, nicolae_overflow_hidden_temple,
          nicolae_ossuary_entry_catacombs
D:9:      layout_grid_maze, grunt_temple_overflow_order_and_chaos_2,
          serial_shops, nicolae_shop_behind_doors, special_room
          [special_room_kobold], minmay_fountain_box
D:10:     layout_loops_ring, orc_0_dummy, uniq_sonja, uniq_josephine,
          uniq_maurice
Temple:   minmay_freezing_vapour_temple

Skill      XL: |  1  2  3  4  5  6  7  8  9 10 11 |
---------------+----------------------------------+-----
Unarmed Combat | 4 6 7 8 9 |  9.7
Fighting       | 3 4 5 6 |  6.9
Dodging        | 3 4 6 8 |  8.0
Shields        | 2 5 7 9 |  9.0
Throwing       | 4 |  4.1
Invocations    | 3 |  3.3
Stealth        | |  1.0

Action                   |  1- 3 |  4- 6 |  7- 9 | 10-12 || total
-------------------------+-------+-------+-------+-------++-------
Melee: Unarmed           |    89 |    97 |   346 |   387 ||   919
       Punch             |     3 |     4 |     2 |       ||     9
Throw: Javelin           |       |       |       |     1 ||     1
Invok: Ancestor Life: He |       |       |     1 |       ||     1
       Ancestor Identity |       |       |     1 |       ||     1
       Recall Ancestor   |       |       |       |     4 ||     4
Evoke: Wand              |       |       |       |     1 ||     1
  Use: Scroll            |     2 |     2 |     7 |     8 ||    19
       Potion            |       |     1 |     1 |     9 ||    11
 Stab: Sleeping          |     4 |     4 |     1 |     2 ||    11
       Confused          |       |       |       |     9 ||     9
Armor: Robe              |    28 |    23 |    77 |    84 ||   212
Dodge: Dodged            |    35 |    56 |   153 |   209 ||   453
Block: Kite shield       |       |       |   114 |   249 ||   363
